Unix xNetHack Version 8.0.0 - last build Jan 14 2024 16:46:22 (be4d3c81716514284228e1a23197c27ddb32b841). Game began 2024-03-12 22:31:12, ended 2024-03-13 20:55:16. Okoto, chaotic female elven Wizard ---- ---..| |....| ---- -- ----....---- |..----- -- .-- --*.........| ---- |....|.--- .--- ...- |...........---..| ---......-- ----- ...--.... --.....>.........| ---..)....| ...-- ........ |...............| --...)....-- -...-----...... --`.....--.......| |....)....##### |.....|.|....- |.....b@||......-- |[<......--|..--- --#.. ........- --.....%|--`--.-- --......-- |....| |....--.......| --.|.|)-- --- ---......-- |....---- --.--..|.......| -.--|..| --.........---.......-- |..--.......- .. --.---------..^.......)......^...---|...........|---- --- |.......||..|.....................||.|.........--..|------ -------.||.----...---.............--%|.............--.--.| |.|-.| |...-- -................|.....|.............| |.|..| |..-- |.............------.|.----.........--- |..^.| ---- --.|......--.-- ----- |......---- --...| ----....----- ---.|.-- ----- ------ ----- Okoto the Conjurer St:8 Dx:16 Co:14 In:18 Wi:12 Ch:8 Chaotic S:510 Dlvl:3 $:22 HP:0(29) Pw:33(49) AC:7 Xp:4/97 T:1288 Burdened Latest messages: You kill the gnome! You are about to vomit. There are several objects here. You vomit! You feel less confused now. You can move again. A - 5 copper darts (at the ready) {5} (9 in total). D - 3 daggers {30} (4 in total). What do you want to drop? [$a-hj-pr-xzA-E or ?*] Never mind. There is a gnome corpse here; eat it? [ynq] (n) y This gnome corpse tastes okay. You no longer feel hungry. You finish eating the gnome corpse. Please move the cursor to an unknown object. (For instructions type a '?') Done. You see here a gnome corpse. You try to move the boulder, but in vain. You see here a copper spellbook. You are beginning to feel hungry. You have a little trouble lifting a copper spellbook. Continue? [ynq] (q) y You have a little trouble lifting F - a copper spellbook {45}. Your movements are slowed slightly because of your load. You see here a gnome corpse. There is a gnome corpse here; eat it? [ynq] (n) y You feel sick. You no longer feel hungry. You finish eating the gnome corpse. You hit the little dog. The little dog bites! The little dog bites! The little dog bites! The little dog misses! You whack the little dog. The little dog bites! You pound the little dog. The little dog bites! The little dog bites! In what direction? j You kill the little dog! The magic missile bounces! The magic missile hits you! Some missiles bounce off! You die... Do you want your possessions identified? [ynq] (y) y Do you want to see your attributes? [ynq] (y) y Do you want an account of creatures vanquished? [ynaq] (y) n Do you want to see your conduct and achievements? [ynq] (y) y Do you want to see the dungeon overview? [ynq] (y) n Inventory: Inventory: 626/600 weight (29/52 slots) Coins $ - 22 gold pieces {1} Weapons A - 9 +0 copper darts (at the ready) {9} D - 4 +0 daggers {40} a - a blessed +1 quarterstaff (weapon in hands) {40} Armor x - an uncursed +0 pair of dwarvish boots (being worn) {38} b - an uncursed +0 cloak of magic resistance (being worn) {8} Comestibles B - an uncursed tripe ration {10} E - an uncursed partly eaten tripe ration {5} Scrolls l - an uncursed scroll of identify {5} n - an uncursed scroll of remove curse {5} m - an uncursed scroll of stinking cloud {5} Spellbooks f - an uncursed spellbook of create monster {40} F - an uncursed spellbook of cure sickness {45} e - an uncursed spellbook of extra healing {45} c - a blessed spellbook of force bolt {35} d - a blessed spellbook of magic missile {40} Potions p - a cursed potion of blindness {20} s - an uncursed potion of enlightenment {20} j - an uncursed potion of gain energy {20} k - an uncursed potion of water {20} Rings h - an uncursed ring of stealth (on left hand) {3} Tools g - an uncursed bell {30} o - a cursed lantern {30} w - an uncursed platinum pea whistle {5} z - a +0 pick-axe {100} t - an uncursed skeleton key {3} C - an uncursed tallow candle {2} Gems/Stones u - an uncursed sapphire {1} v - an uncursed worthless piece of blue glass {1} r - an uncursed worthless piece of yellow glass {1} Okoto the Wizard's attributes: Background: You were a Conjurer, a level 4 female elven Wizard. You were chaotic, on a mission for Anhur who was opposed by Ptah (lawful) and Thoth (neutral). You were heterosexual. You were in the Gnomish Mines, on level 3. You entered the dungeon 1288 turns ago. You had 97 experience points, 63 more were needed to attain level 5. Your score was 510 before end-of-game adjustments. Basics: You had 0 out of 29 hit points. You had 33 out of 49 energy points (spell power). Your armor class was 7. Your wallet contained 22 zorkmids. Autopickup was off. Final Characteristics: Your strength was 8 (limit:18). Your dexterity was 16 (limit:18). Your constitution was 14 (limit:16). Your intelligence was 18 (limit:20). Your wisdom was 12 (limit:20). Your charisma was 8 (limit:18). Final Status: You were not hungry. You were burdened; movement was slightly slowed. You were wielding a quarterstaff. You had basic skill with quarterstaff. Final Attributes: You were devoutly aligned. You were magic-protected. You were sleep resistant. You had infravision. You were stealthy. You were warded. You are dead. Miscellaneous: You never encountered a bones level. Total elapsed playing time was 30 minutes and 42 seconds. Major events: Turn 1: Okoto the chaotic female elven Wizard entered the dungeon 811: entered the Gnomish Mines 945: attained the rank of Conjurer (level 3) 1288: killed by a magic missile cast by herself Vanquished creatures: a shrieker a gnome leader a little dog 2 dwarves 11 gnomes 2 grid bugs a lichen 2 newts 21 creatures vanquished. No species were genocided or became extinct. Voluntary challenges: You read items or engraved 1 time. You never genocided any monsters. You never polymorphed an object. You never changed form. You never touched an artifact. You used no wishes. You never scared an enemy with impunity. You were celibate. You never generated conflict. Achievements: You entered the Gnomish Mines. You attained the rank of Conjurer. Dungeon overview: The Dungeons of Doom: levels 1 to 2 Level 1: A fountain, a tree. Level 2: A tree. Stairs down to The Gnomish Mines. The Gnomish Mines: Level 3: <- You were here. Final resting place for you, killed by a magic missile cast by yourself. Game over: __________ / \ / REST \ / IN \ / PEACE \ / \ | Okoto | | 22 Au | | killed by a | | magic missile | | cast by herself | | | | 2024 | *| * * * | * _________)/\\_//(\/(/\)/\//\/|_)_______ Goodbye Okoto the Wizard... You died in The Gnomish Mines on dungeon level 3 with 508 points, and 22 pieces of gold, after 1288 moves. You were level 4 with a maximum of 29 hit points when you died.